 Dungeon Crawl Stone Soup version 0.18-a0-1654-ge73a678 (console) character file.

84 AnFair the Chopper (level 4, -1/36 HPs)
             Began as a Draconian Arcane Marksman on Mar 30, 2016.
             Was an Initiate of Ru.
             Slain by an orc
             ... wielding a +0 flail
              (6 damage)
             ... on level 3 of the Dungeon.
             The game lasted 00:16:56 (2403 turns).

AnFair the Chopper (Draconian Arcane Marksman)      Turns: 2403, Time: 00:16:56

Health: -1/36      AC:  5    Str: 13    XL:     4   Next: 24%
Magic:  0/5        EV: 12    Int: 13    God:    Ru [......]
Gold:   114        SH:  0    Dex: 12    Spells: 1 memorised, 4 levels left

rFire  . . .     SeeInvis .     b - +0 hand axe
rCold  . . .     Gourm    .     (armour unavailable)
rNeg   . . .     Faith    .     (no shield)
rPois  .         Spirit   +     (helmet restricted)
rElec  .         Dismiss  .     (no cloak)
rCorr  .         Reflect  .     (no gloves)
SustAt .         Harm     .     (no boots)
MR     .....                    p - amulet of guardian spirit {Spirit}
Stlth  +.........               (no ring)
                                (no ring)

@: not resistant to hostile enchantments, very unstealthy
A: unfitting armour, cold-blooded, AC +5
a: Renounce Religion


You were on level 3 of the Dungeon.
You worshipped Ru.
Ru was noncommittal.
You were near starving.

You visited 1 branch of the dungeon, and saw 3 of its levels.

You collected 114 gold pieces.

Inventory:

Hand Weapons
 a - a +0 hand crossbow
 b - a +0 hand axe (weapon)
   (You found it on level 1 of the Dungeon)
 h - a +0 blowgun
   (You took it off a kobold on level 3 of the Dungeon)
 v - a +0 war axe
   (You found it on level 2 of the Dungeon)
Missiles
 c - 2 bolts
 k - 18 poisoned needles
Jewellery
 p - an amulet of guardian spirit (around neck) {Spirit}
   (You found it on level 2 of the Dungeon)
Scrolls
 e - a scroll of enchant armour
 f - a scroll of teleportation
Potions
 g - a potion of curing {unknown}
 l - a potion of degeneration {unknown}
 n - a potion of brilliance {unknown}
 o - a potion of resistance {unknown}
 q - a potion of flight {unknown}
 s - a potion of ambrosia {unknown}
Books
 j - a book of Debilitation
Comestibles
 d - 2 bread rations {@e1}
 t - a slice of pizza


   Skills:
 - Level 2.2 Fighting
 + Level 3.4 Axes
 - Level 1.7 Crossbows
 - Level 1.7 Dodging
 - Level 1.0 Spellcasting
 - Level 2.6 Hexes


You had 4 spell levels left.
You knew the following spells:

 Your Spells              Type           Power        Failure   Level  Hunger
v - Corona                Hex            #......      12%         1    ##.....


Dungeon Overview and Level Annotations

Branches:
Dungeon (3/15)

Altars:
Ru


Innate Abilities, Weirdness & Mutations

Your plain brown scales are hard (AC +5).
Your body does not fit into most forms of armour.
You are cold-blooded and may be slowed by cold attacks.


Message History

Aim: an adder (lightly wounded)
You shoot a bolt. The bolt hits the adder.
b - a +0 hand axe (weapon)
The adder bites you.
You are poisoned.
The adder poisons you!
You take 3 damage, and have 33/36 hp.
You barely miss the adder.
Your tail-slap misses the adder.
You feel sick. The adder completely misses you.
You take 1 damage, and have 32/36 hp.
You hit the adder.
Your tail-slap misses the adder.
The adder bites you but does no damage.
You barely miss the adder. The adder bites you. The adder barely misses you.
You take 1 damage, and have 32/36 hp.
You now have 4/5 mp.
You closely miss the adder.
You feel sick. The adder misses you.
You take 1 damage, and have 31/36 hp.
You barely miss the adder.
Your tail-slap misses the adder.
The adder bites you.
You are more poisoned.
The adder poisons you! The adder closely misses you.
You take 4 damage, and have 27/36 hp.
You now have 3/5 mp.
You hit the adder.
You feel sick. The adder bites you but does no damage.
You take 1 damage, and have 26/36 hp.
You barely miss the adder.
Your tail-slap misses the adder.
The adder bites you. The adder completely misses you.
You take 1 damage, and have 25/36 hp.
You now have 2/5 mp.
You hit the adder. You tail-slap the adder.
You feel sick. The adder bites you.
You take 4 damage, and have 21/36 hp.
You hit the adder.
You kill the adder!
You feel sick.
You start resting.
You feel sick. x7
You are no longer poisoned.
You take 5 damage, and have 16/36 hp.
You regained 2 mp, and now have 4/5 mp.
An orc comes into view. It is wielding a flail.
You see here an adder corpse.
a - a +0 hand crossbow (weapon)
You start resting.
You are feeling very hungry.
MP restored: 5 You see here an adder corpse.
You butcher the adder corpse.
Things that are here:
2 chunks of flesh {@w0}; an adder skeleton You start resting.
Health restored: 36 An orc comes into view.
It is wielding a mace.
The orc shouts! x2
Aim: an orc, wielding a flail and wearing a scale mail You shoot a bolt.
The bolt closely misses the orc.
Aim: an orc, wielding a flail and wearing a scale mail You shoot a bolt.
The bolt barely misses the orc.
Aim: an orc, wielding a mace and wearing a runed scale mail You shoot a bolt.
The bolt closely misses the orc.
The orc hits you but does no damage.
Aim: an orc, wielding a mace and wearing a runed scale mail You shoot a bolt.
The bolt closely misses the orc.
The orc closely misses you.
Things that are here:
2 chunks of flesh {@w0}; an adder skeleton
b - a +0 hand axe (weapon)
The orc hits you with a mace.
You take 2 damage, and have 34/36 hp.
You barely miss the orc. The orc barely misses you.
You closely miss the orc. The orc barely misses you.
You hit the orc. You barely miss the orc. The orc hits you with a flail.
The orc barely misses you.
You take 4 damage, and have 31/36 hp.
You are near starving!
You hit the orc but do no damage. You hit the orc but do no damage.
You barely miss the orc. The orc hits you but does no damage.
The orc completely misses you.
You hit the orc. You closely miss the orc. The orc closely misses you.
The orc hits you with a mace.
You take 3 damage, and have 28/36 hp.
You hit the orc but do no damage. You closely miss the orc.
The orc hits you with a flail! The orc barely misses you.
You take 7 damage, and have 21/36 hp.
You now have 4/5 mp.
You hit the orc.
You kill the orc!
You hit the orc but do no damage. The orc hits you with a flail!
You take 5 damage, and have 16/36 hp.
You now have 2/5 mp.
You hit the orc. The orc hits you with a flail.
You take 4 damage, and have 12/36 hp.
You are too injured to fight recklessly!
You hit the orc. The orc closely misses you.
You hit the orc. The orc barely misses you.
You hit the orc but do no damage.
You tail-slap the orc, but do no damage.
The orc hits you with a flail!
* * * LOW HITPOINT WARNING * * *
You take 8 damage, and have 4/36 hp.
MASSIVE DAMAGE!!
You now have 0/5 mp.
You hit the orc. The orc closely misses you.
You hit the orc but do no damage.
You tail-slap the orc, but do no damage.
The orc barely misses you.
You hit the orc but do no damage. The orc hits you with a flail.
You die...

###...........%.........#......#
...................####...#..#.#
#######.#.###..###.# ##.##.##.#
###.......# #..# .# #.#..##.#
#.......#.###..###.# #.#..##.##
..#.###.#..........#####.#.......
##...##.#.#.####.........#.#.###.
....[.....#.# #)#########.#.....
##...##.#.# # #@o...............
##.###.#.# ###..########.#...#.
### #.#.# .........###.#.####
####.#.# ##..###.#.##.#...#.
#....#.# #..##.###.......#.
#.##.#.# #....## ##..#)....
#.##.#.# ##.##.###...#.....
#.##.#.# #.###.#.#.##.....
#.##.#.# #.# ##.#..##...#


You could see an orc.

Vanquished Creatures
  5 adders
  An orc (D:3)
  7 bats
  A giant cockroach (D:2)
  4 goblins
  5 hobgoblins
  2 jackals (D:2)
  4 giant newts
  5 kobolds
  6 rats
40 creatures vanquished.

Notes
Turn   | Place    | Note
--------------------------------------------------------------
     0 | D:1      | AnFair the Draconian Arcane Marksman began the quest for the Orb.
     0 | D:1      | Reached XP level 1. HP: 16/16 MP: 2/2
   264 | D:1      | Reached skill level 2 in Fighting
   618 | D:1      | Reached XP level 2. HP: 24/24 MP: 3/3
   869 | D:2      | Reached skill level 1 in Axes
   976 | D:2      | Reached XP level 3. HP: 20/29 MP: 4/4
   995 | D:2      | HP: 7/29 [poisoned by an adder]
  1004 | D:2      | Reached skill level 2 in Axes
  1005 | D:2      | HP: 2/29 [giant cockroach (2)]
  1759 | D:3      | Reached skill level 3 in Axes
  1759 | D:3      | Reached XP level 4. HP: 17/36 MP: 1/5
  1991 | D:3      | Found a sacrificial altar of Ru.
  1996 | D:3      | Became a worshipper of Ru the Awakened
  2400 | D:3      | HP: 4/36 [orc/flail (8)]
  2403 | D:3      | Slain by an orc

Vault maps used:
D:1:      dpeg_arrival_windows_large_door
D:3:      hangedman_ru_absence, minmay_overflow_temple_star_quad, first_bread,
          grunt_qazlal_sundering

Skill      XL: |  1  2  3 |
---------------+----------+-----
Fighting       | 2 |  2.2
Axes           | 1 3 |  3.4
Crossbows      | |  1.7
Dodging        | |  1.7
Spellcasting   | |  1.0
Hexes          | |  2.6

Action                   |  1- 3 |  4- 6 || total
-------------------------+-------+-------++-------
Melee: Hand axe          |    35 |    24 ||    59
       Unarmed           |    10 |       ||    10
 Fire: Hand crossbow     |    82 |    13 ||    95
  Use: Scroll            |     8 |       ||     8
  Eat: Chunk             |     2 |     1 ||     3

Vault maps used:
D:1:      dpeg_arrival_windows_large_door
D:3:      hangedman_ru_absence, minmay_overflow_temple_star_quad, first_bread,
          grunt_qazlal_sundering

Table legend:
 A = Turns spent in this place as a percentage of turns spent in the entire game.
 B = Non-inter-level travel turns spent in this place as a percentage of non-inter-level travel turns spent in the entire game.
 C = Inter-level travel turns spent in this place as a percentage of turns spent in this place.
 D = Turns resting spent in this place as a percentage of non-inter-level travel turns spent in this place.
 E = Turns spent auto-exploring this place as a percentage of non-inter-level travel turns spent in this place.
 F = Non-inter-level travel turns spent in this place divided by the number of levels of this place that you've seen.
                   A       B       C       D       E      F
               +-------+-------+-------+-------+-------+----------------------
         Total | 100.0 | 100.0 |   1.9 |   4.0 |  18.3 | 134.7
       Dungeon | 100.0 | 100.0 |   1.9 |   4.0 |  18.3 | 134.7
               +-------+-------+-------+-------+-------+----------------------

Table legend:
 A = Kills in this place as a percentage of kills in entire the game.
 B = Kills by you in this place as a percentage of kills by you in the entire game.
 C = Kills by friends in this place as a percentage of kills by friends in the entire game.
 D = Other kills in this place as a percentage of other kills in the entire game.
 E = Experience gained in this place as a percentage of experience gained in the entire game.
 F = Experience gained in this place divided by the number of levels of this place that you have seen.
                   A       B       C       D       E      F
               +-------+-------+-------+-------+-------+----------------------
         Total | 100.0 | 100.0 |  -nan |  -nan | 100.0 |  40.3
       Dungeon | 100.0 | 100.0 |  -nan |  -nan | 100.0 |  40.3
               +-------+-------+-------+-------+-------+----------------------
